 Dungeon Crawl Stone Soup version 0.23.2-30-g0e89c35649 (webtiles) character file.

Game seed: 10655459625292184652

11277 sankara the Cleaver (level 11, 0/126 (127) HPs)
             Began as an Ogre Monk on June 20, 2019.
             Was a High Priest of the Shining One.
             Slain by a porcupine (12 damage)
             ... on level 11 of the Dungeon on June 21, 2019.
             The game lasted 00:35:11 (9094 turns).

sankara the Cleaver (Ogre Monk)                     Turns: 9094, Time: 00:35:12

HP:   0/126 (127)   AC:  6    Str: 20    XL:     11   Next: 75%
MP:   15/15         EV: 12    Int: 11    God:    the Shining One [*****.]
Gold: 674           SH:  0    Dex: 11    Spells: 10/10 levels left

rFire    + . .     SeeInvis .   a - +1 hand axe (elec)
rCold    . . .     Gourm    .   (no shield)
rNeg     + + .     Faith    .   G - +0 robe {rF+}
rPois    .         Spirit   .   q - +2 hat
rElec    .         Reflect  .   s - +0 cloak
rCorr    .         Harm     .   (gloves unavailable)
MR       +....                  (boots unavailable)
Stlth    +.........             g - amulet of regeneration {+regen, !d}
HPRegen  0.71/turn              n - +2 ring of evasion
MPRegen  0.14/turn              (no ring)

@: glowing
A: large, unfitting armour, tough skin 1
a: Divine Shield, Cleansing Flame, Summon Divine Warrior, Renounce Religion


You were on level 11 of the Dungeon.
You worshipped the Shining One.
The Shining One was extremely pleased with you.
You were not hungry.

You visited 2 branches of the dungeon, and saw 12 of its levels.

You collected 674 gold pieces.

Inventory:

Hand Weapons
 a - a +1 hand axe of electrocution (weapon)
   (You took it off an orc on level 4 of the Dungeon)
 o - a +1 whip of freezing
   (You took it off Pikel on level 3 of the Dungeon)
 C - a +5 trident of venom
   (You took it off a gnoll sergeant on level 5 of the Dungeon)
 E - a +0 hand axe of holy wrath
   (You took it off an orc priest on level 5 of the Dungeon)
 S - a +0 war axe
   (You took it off an orc on level 5 of the Dungeon)
Missiles
 d - 285 stones (quivered)
 N - 5 tomahawks of dispersal {=f}
 U - 3 large rocks {!d}
Armour
 q - a +2 hat (worn)
   (You found it on level 8 of the Dungeon)
 s - a +0 cloak (worn)
   (You took it off Crazy Yiuf on level 2 of the Dungeon)
 G - a +0 robe of fire resistance (worn)
   (You took it off a wight on level 6 of the Dungeon)
Jewellery
 g - an amulet of regeneration (around neck) {+regen, !d}
   (You found it on level 1 of the Dungeon)
 n - a +2 ring of evasion (left hand)
   (You found it on level 2 of the Dungeon)
 t - an uncursed amulet of rage {+Rage, !d}
   (You found it on level 3 of the Dungeon)
 B - an uncursed amulet of harm
   (You found it on level 4 of the Dungeon)
Wands
 y - a wand of digging (5)
   (You found it on level 4 of the Dungeon)
 F - a wand of flame (17)
   (You found it on level 6 of the Dungeon)
 L - a wand of polymorph (14)
   (You found it on level 7 of the Dungeon)
 O - a wand of iceblast (8)
   (You took it off a wight on level 8 of the Dungeon)
 P - a wand of acid (3)
   (You found it on level 8 of the Dungeon)
Scrolls
 e - 4 scrolls of fear {unknown}
 h - 4 scrolls of enchant weapon {unknown}
 j - 5 scrolls of remove curse
 k - 2 scrolls of noise {unknown}
 m - 3 scrolls of immolation {unknown}
 p - 3 scrolls of enchant armour {unknown}
 r - 2 scrolls of magic mapping {unknown}
 u - 3 scrolls of teleportation {unknown}
 v - 4 scrolls of identify
 A - 4 scrolls of fog {unknown}
 D - 2 scrolls of amnesia {unknown}
 I - a scroll of blinking {unknown}
 M - a scroll of random uselessness {unknown}
Potions
 b - a potion of magic {unknown}
 f - a potion of agility
 i - 3 potions of curing
 l - 3 potions of heal wounds
 w - a potion of invisibility {unknown}
 x - 4 potions of degeneration {unknown}
 z - 2 potions of might
 H - a potion of ambrosia {unknown}
 J - a potion of flight {unknown}
 K - a potion of berserk rage {unknown}
 Q - a potion of mutation {unknown}
 R - a potion of haste {unknown}
Comestibles
 c - 17 rations
 T - a chunk of flesh {@w0}


   Skills:
 + Level 13.1 Fighting
 * Level 13.9 Axes
 + Level 1.2 Throwing
 - Level 2.6 Dodging
 - Level 1.4 Stealth
 + Level 6.2 Invocations


You had 10 spell levels left.
You didn't know any spells.
Your spell library contained the following spells:

 Spells                   Type           Power        Failure   Level  Hunger
 Animate Skeleton         Necr           N/A          34%         1    ##.....
 Apportation              Tloc           #.....       34%         1    ##.....
 Beastly Appendage        Tmut           #.....       34%         1    ##.....
 Confusing Touch          Hex            #.....       34%         1    ##.....
 Summon Small Mammal      Summ           #...         34%         1    ##.....
 Sticks to Snakes         Tmut           #.......     47%         2    ###....
 Spider Form              Tmut/Pois      #.........   71%         3    ####...
 Ice Form                 Ice/Tmut       #.......     98%         4    #####..
 Blade Hands              Tmut           #.........   100%        5    ######.


Dungeon Overview and Level Annotations

Branches:
Dungeon (11/15)            Temple (1/1) D:7
   Lair: D:8-11         Orc: D:9-12

Altars:
Ashenzari
Cheibriados
Dithmenos
Elyvilon
Fedhas
Gozag
Hepliaklqana
Kikubaaqudgha
Makhleb
Nemelex Xobeh
Okawaru
Qazlal
Ru
Sif Muna
Trog
Uskayaw
Vehumet
Wu Jian
Xom
Yredelemnul
Zin
The Shining One
Beogh

Shops:
D:11 *


Innate Abilities, Weirdness & Mutations

You are too large for most types of armour.
You have tough skin. (AC +1)


Message History

Something hits the plant.
The orc warrior hits you with a +0 dire flail!
You are too injured to fight recklessly!
You are too injured to fight recklessly!
You are too injured to fight recklessly!
You hit the orc warrior.
The orc warrior is lightly wounded.
You hit the orc.
A porcupine comes into view.
An orc comes into view. It is wielding a +0 club.
You hit the orc warrior but do no damage.
Lightning courses through the orc warrior!
The orc warrior is heavily wounded.
You hit the orc.
The kobold hits the plant but does no damage.
The orc hits you but does no damage. The orc warrior completely misses you.
A basilisk comes into view.
A porcupine comes into view.
The basilisk hisses angrily.
You hit the orc warrior but do no damage.
Lightning courses through the orc warrior!!
You kill the orc warrior!
You hit the orc but do no damage.
Something hits the plant but does no damage.
The orc barely misses you.
You slash the orc!
You kill the orc!
You are struck by the porcupine's spines.
You hit the porcupine but do no damage.
Lightning courses through the porcupine!
You hit the orc but do no damage.
The porcupine bites you but does no damage.
A crocodile comes into view.
You hit the orc.
You kill the orc!
You are struck by the porcupine's spines.
You slash the porcupine!
You kill the porcupine!
You hit the yak but do no damage.
A kobold comes into view. It is wielding a +0 short sword.
You hit the yak.
The yak is lightly wounded.
The yak gores you.
You hit the yak.
The yak is lightly wounded.
A yak comes into view.
A kobold demonologist comes into view. It is wielding a +2 dagger of venom.
A yak comes into view.
The yak bellows!
You hit the yak but do no damage. You hit the yak.
Lightning courses through the yak!
You hear a shout!
You hit the yak but do no damage. Lightning courses through the yak!
The yak is moderately wounded.
You barely miss the yak. You hit the yak. The yak barely misses you.
The yak gores you. The yak closely misses you.
You hit the yak.
The yak is moderately wounded.
You barely miss the porcupine. You slash the yak! You hit the yak.
The porcupine misses you.
The yak gores the bush.
You hit the yak but do no damage. Lightning courses through the yak!
The yak is heavily wounded.
You hit the yak. You slash the yak!
You kill the yak!
Your Throwing skill increases to level 1!
You hit the porcupine but do no damage. The yak misses you.
The yak barely misses you.
You hit the yak.
The yak is severely wounded.
You are struck by the porcupine's spines.
You slash the porcupine! You barely miss the kobold. You slash the yak!
The porcupine bites you!
A kobold comes into view.
The yak completely misses the plant.
The yak gores you!
* * * LOW HITPOINT WARNING * * *
The kobold demonologist gestures wildly while chanting.
The kobold closely misses you. The yak misses you.
You hit the yak.
The yak is severely wounded.
You hit the porcupine. You closely miss the kobold.
You hit the yak but do no damage. Lightning courses through the yak!!
The porcupine closely misses you.
A kobold comes into view.
You slash the yak!
You kill the yak!
You barely miss the yak. You barely miss the kobold. You hit the porcupine.
Lightning courses through the porcupine!
You kill the porcupine!
The kobold closely misses you. The yak gores you!
* * * LOW HITPOINT WARNING * * *
You fail to use your ability.
An orc wizard comes into view. It is wielding a +0 dagger.
The yak gores you!
* * * LOW HITPOINT WARNING * * *
The orc wizard shouts!
You hear a shout!
The orc barely misses you. x2
The kobold hits the plant but does no damage.
The red devil hits you from afar with a +0 trident.
* * * LOW HITPOINT WARNING * * *
The porcupine bites you!
You die...

#......#......#
.#### #..÷...#
..... #......#
...... #......#
......###......#
.......^.......#
#######'##.....#
#....oK..#.....#
#...Kr@..#.....#
#....Yot.#.....#
#..Kl4.###.....#
.......Y#
......#
....K..Y#
....PP.♣.
...P..K .
....Po. .


You could see a kobold demonologist, 3 yaks, a basilisk, a red devil, a
crocodile, a porcupine, an orc wizard, 2 orcs and 4 kobolds.

Vanquished Creatures
  A two-headed ogre (D:9)
  The ghost of hitsuchi the Slinger, a novice HaAM of Okawaru (D:6)
  Pikel (D:3)
  An ugly thing (D:10)
  A cyclops (D:11)
  Joseph (D:7)
  The ghost of RatmanManrat the Basher, a novice MiBe of Trog (D:5)
  A troll (D:9)
  A meliai zombie (D:10)
  A hippogriff (D:7)
  A wraith (D:10)
  7 yaks
  2 hungry ghosts
  Menkaure (D:7)
  3 water moccasins
  2 black bears
  4 orc warriors
  2 porcupines (D:11)
  3 ice beasts
  A slave (D:3)
  A phantom (D:4)
  An eye of draining (D:10)
  2 sky beasts
  2 necrophages
  5 ogres
  6 centaurs
  2 big kobolds
  7 bullfrogs
  A gnoll sergeant (D:5)
  A wyvern zombie (D:10)
  A scorpion (D:6)
  A water moccasin skeleton (D:9)
  10 killer bees
  6 wights
  6 crimson imps
  2 centaur zombies
  2 hounds
  A bullfrog zombie (D:10)
  10 orc priests
  A bullfrog skeleton (D:5)
  A jelly (D:9)
  Crazy Yiuf (D:2)
  2 centaur skeletons
  12 orc wizards
  4 iguanas
  4 worker ants
  A mummy (D:6)
  A hound skeleton (D:7)
  Robin (D:2)
  A howler monkey zombie (D:7)
  8 adders
  3 gnolls (D:5)
  3 oozes
  2 adder skeletons
  3 worms
  A dart slug (D:5)
  7 leopard geckos
  63 orcs
  2 ball pythons
  6 giant cockroaches
  21 goblins
  9 hobgoblins
  10 jackals
  5 bats
  4 frilled lizards
  17 kobolds
  A leopard gecko skeleton (D:6)
  11 rats
  A fungus (D:2)
309 creatures vanquished.

Vanquished Creatures (others)
  A howler monkey (D:4)
  An orc priest (D:4)
  2 hounds (D:4)
  A worker ant (D:4)
  An adder skeleton (D:4)
  3 orcs (D:4)
  2 quokkas (D:4)
  5 fungi (D:11)
  7 plants (D:11)
23 creatures vanquished.

Grand Total: 332 creatures vanquished

Notes
Turn   | Place    | Note
-------+----------+-------------------------------------------
     0 | D:1      | sankara the Ogre Monk began the quest for the Orb.
     0 | D:1      | Reached XP level 1. HP: 24/24 MP: 1/1
    19 | D:1      | HP: 6/24 [jackal (1)]
    25 | D:1      | HP: 2/24 [jackal (3)]
   336 | D:1      | Reached XP level 2. HP: 29/32 MP: 2/2
   337 | D:1      | Found a glowing golden altar of the Shining One.
   379 | D:1      | Became a worshipper of the Shining One
   379 | D:1      | Reached * piety under the Shining One
   379 | D:1      | Reached ** piety under the Shining One
   718 | D:1      | Reached XP level 3. HP: 40/40 MP: 3/3
   871 | D:1      | Reached skill level 1 in Invocations
  1091 | D:2      | Reached skill level 4 in Axes
  1098 | D:2      | Reached XP level 4. HP: 43/49 MP: 4/4
  1137 | D:2      | Noticed Robin
  1150 | D:2      | Killed Robin
  1438 | D:2      | Found a glowing golden altar of the Shining One.
  1438 | D:2      | Found an ancient bone altar of Kikubaaqudgha.
  1439 | D:2      | Found a radiant altar of Vehumet.
  1563 | D:2      | Found a burning altar of Makhleb.
  1681 | D:2      | Found a runed translucent door.
  1682 | D:2      | Noticed Crazy Yiuf
  1692 | D:2      | Killed Crazy Yiuf
  1692 | D:2      | Reached skill level 5 in Fighting
  1692 | D:2      | Reached skill level 2 in Invocations
  1692 | D:2      | Reached XP level 5. HP: 43/57 MP: 0/6
  1747 | D:3      | Found an opulent altar of Gozag.
  1775 | D:3      | Found a hide-covered altar of Uskayaw.
  2393 | D:3      | Reached *** piety under the Shining One
  2404 | D:3      | Reached skill level 5 in Axes
  2620 | D:4      | Reached XP level 6. HP: 40/66 MP: 6/8
  2667 | D:4      | Noticed a slave
  2691 | D:3      | HP: 13/66 [slave[Pikel] (8)]
  2692 | D:3      | Killed a slave
  2796 | D:3      | Reached skill level 3 in Invocations
  2875 | D:4      | Noticed a slave
  2877 | D:4      | Noticed Pikel
  2881 | D:4      | Noticed a slave
  2891 | D:3      | HP: 15/67 [Pikel/+1 whip of freezing (7)]
  2893 | D:3      | HP: 3/67 [Pikel/+1 whip of freezing (7)]
  2914 | D:3      | Killed Pikel
  2914 | D:3      | Reached skill level 6 in Fighting
  2914 | D:3      | Reached skill level 6 in Axes
  2914 | D:3      | Reached skill level 4 in Invocations
  2914 | D:3      | Reached XP level 7. HP: 17/76 MP: 6/10
  3473 | D:4      | Reached skill level 7 in Fighting
  3473 | D:4      | Reached skill level 7 in Axes
  3473 | D:4      | Reached XP level 8. HP: 73/87 MP: 11/11
  3661 | D:5      | Entered Level 5 of the Dungeon
  3908 | D:5      | HP: 17/87 [gnoll sergeant/+5 trident of venom (12)]
  3911 | D:5      | HP: 5/87 [dart slug/slug dart (4)]
  3912 | D:5      | HP: 2/87 [poisoned by a gnoll sergeant]
  4149 | D:5      | Found an iron altar of Okawaru.
  4252 | D:5      | Found a runed translucent gate.
  4253 | D:5      | Found a runed translucent gate.
  4253 | D:5      | Noticed RatmanManrat's ghost (novice MiBe)
  4254 | D:5      | Found a runed translucent gate.
  4255 | D:5      | Identified the cursed +1 mace "Edghum" {antimagic, *Slow
                  | rC+ MR+}
  4261 | D:5      | Found a roughly hewn altar of Beogh.
  4276 | D:5      | Reached skill level 5 in Invocations
  4289 | D:5      | Killed RatmanManrat's ghost
  4289 | D:5      | Reached skill level 8 in Fighting
  4289 | D:5      | Reached skill level 8 in Axes
  4448 | D:6      | Reached XP level 9. HP: 88/97 MP: 12/12
  4533 | D:6      | Reached skill level 9 in Axes
  4546 | D:6      | Reached skill level 9 in Fighting
  4656 | D:6      | Found a transporter.
  4661 | D:6      | Found a transporter.
  4661 | D:6      | Noticed hitsuchi's ghost (novice HaAM)
  4661 | D:6      | Reached **** piety under the Shining One
  5002 | D:6      | Killed hitsuchi's ghost
  5002 | D:6      | Reached skill level 10 in Axes
  5102 | D:7      | Noticed Menkaure
  5112 | D:7      | Killed Menkaure
  5112 | D:7      | Reached skill level 10 in Fighting
  5199 | D:7      | Found a staircase to the Ecumenical Temple.
  5210 | D:7      | Reached XP level 10. HP: 45/110 MP: 9/13
  5221 | Temple   | Entered the Ecumenical Temple
  5308 | D:7      | Noticed Joseph
  5321 | D:7      | Killed Joseph
  5321 | D:7      | Reached skill level 11 in Axes
  5684 | D:7      | Reached skill level 11 in Fighting
  5907 | D:7      | Found a shimmering altar of Xom.
  5908 | D:7      | Found a shimmering altar of Xom.
  5908 | D:7      | Found a shimmering altar of Xom.
  5909 | D:7      | Found a shimmering altar of Xom.
  5909 | D:7      | Found a shimmering altar of Xom.
  6180 | D:8      | Reached skill level 12 in Axes
  6311 | D:8      | Found a deep blue altar of Sif Muna.
  6312 | D:8      | Found a shattered altar of Ashenzari.
  6328 | D:8      | Found a glowing silver altar of Zin.
  6330 | D:8      | Found a snail-covered altar of Cheibriados.
  6787 | D:9      | HP: 27/114 [centaur (3)]
  6911 | D:9      | Reached skill level 12 in Fighting
  7005 | D:9      | Reached XP level 11. HP: 122/122 MP: 14/14
  7344 | D:9      | Reached skill level 13 in Axes
  7352 | D:9      | Noticed a two-headed ogre
  7352 | D:9      | Reached ***** piety under the Shining One
  7363 | D:9      | Killed a two-headed ogre
  7954 | D:10     | Entered Level 10 of the Dungeon
  8057 | D:10     | Noticed a red ugly thing
  8068 | D:10     | Killed a red ugly thing
  8648 | D:10     | Found a bloodstained altar of Trog.
  8964 | D:11     | Noticed a cyclops
  8973 | D:11     | Killed a cyclops
  8973 | D:11     | Reached skill level 13 in Fighting
  8973 | D:11     | Reached skill level 6 in Invocations
  8996 | D:11     | Found Inilliga's Serpentskin Sales.
  9089 | D:11     | Reached skill level 1 in Throwing
  9092 | D:11     | HP: 26/126 [yak (10)]
  9094 | D:11     | HP: 12/126 [red devil/+0 trident[a kobold demonologist]
                  | (4)]
  9094 | D:11     | Slain by a porcupine

Skill      XL: |  1  2  3  4  5  6  7  8  9 10 11 |
---------------+----------------------------------+-----
Invocations    | 1 2 4 5 6 |  6.2
Axes           | 4 5 6 7 8 10 12 13 | 13.9
Fighting       | 5 6 7 8 10 12 13 | 13.1
Throwing       | 1 |  1.2
Dodging        | |  2.6
Stealth        | |  1.4

Action                   |  1- 3 |  4- 6 |  7- 9 | 10-12 || total
-------------------------+-------+-------+-------+-------++-------
Melee: Hand axe          |   112 |   216 |   189 |   410 ||   927
Throw: Stone             |       |     2 |     8 |       ||    10
Invok: Divine Shield     |       |     2 |     3 |     2 ||     7
       Cleansing Flame   |       |       |     2 |       ||     2
  Use: Potion            |       |     2 |     4 |       ||     6
       Scroll            |       |       |       |     2 ||     2
  Eat: Chunk             |     1 |     6 |     8 |    13 ||    28
       Ration            |       |       |       |     1 ||     1
Armor: Robe              |    38 |    35 |    33 |    64 ||   170
       Skin              |       |    16 |       |       ||    16
Dodge: Dodged            |    81 |   111 |    97 |   179 ||   468
Block: Other             |       |     3 |    13 |     2 ||    18

Levels and vault maps discovered:
D:1:      saegor_arrival_miasma, layout_loops_cross, roderic_st_hans_cross,
          chequers_serial_rivers_micro_a, hex_large, minivault_4,
          corexii_item_surrounded_by_moat, tso_metal_star
D:2:      layout_basic, nicolae_overflow_quartered_altars, uniq_robin,
          uniq_crazy_yiuf_cottage
D:3:      layout_basic, eat_drink_and_be_merry_uskayaw, grunt_gozag_breadcrumbs,
          first_ration
D:4:      layout_rooms, minmay_misc_feat_nine_boxes, uniq_pikel
D:5:      layout_rooms, okawaru_altar_gauntlet_db, biasface_ghost_orc_armoury
D:6:      layout_loops_cross, gammafunk_ghost_mausoleum
D:7:      layout_cave_pods, xom_redecorated,
          minmay_temple_entry_drinking_statues, uniq_menkaure, uniq_joseph
D:8:      layout_loops_ring, minitemple
D:9:      layout_loops_ring
D:10:     layout_irregular_city, trog_book
D:11:     layout_irregular_city, minmay_lair_entry_grove, david_orc_3,
          portal_ice_cave_entry_ice_beasts, blue_anna_alchemist
          [blue_anna_fruit_fields, blue_anna_fruit_fields], guppyfry_shop_venom
Temple:   compressed_dpeg_circular_temple

Table legend:
 A = Turns spent in this place as a percentage of turns spent in the entire game.
 B = Non-inter-level travel turns spent in this place as a percentage of non-inter-level travel turns spent in the entire game.
 C = Inter-level travel turns spent in this place as a percentage of turns spent in this place.
 D = Turns resting spent in this place as a percentage of non-inter-level travel turns spent in this place.
 E = Turns spent auto-exploring this place as a percentage of non-inter-level travel turns spent in this place.
 F = Non-inter-level travel turns spent in this place divided by the number of levels of this place that you've seen.
                   A       B       C       D       E      F
               +-------+-------+-------+-------+-------+----------------------
         Total | 100.0 | 100.0 |   7.0 |  19.1 |  55.1 | 705.0
       Dungeon |  99.1 |  99.1 |   7.0 |  19.2 |  54.8 | 762.5
        Temple |   0.9 |   0.9 |   8.8 |   0.0 |  97.3 |  73.0
               +-------+-------+-------+-------+-------+----------------------

Table legend:
 A = Kills in this place as a percentage of kills in entire the game.
 B = Kills by you in this place as a percentage of kills by you in the entire game.
 C = Kills by friends in this place as a percentage of kills by friends in the entire game.
 D = Other kills in this place as a percentage of other kills in the entire game.
 E = Experience gained in this place as a percentage of experience gained in the entire game.
 F = Experience gained in this place divided by the number of levels of this place that you have seen.
                   A       B       C       D       E      F
               +-------+-------+-------+-------+-------+----------------------
         Total | 100.0 | 100.0 |   N/A |   N/A | 100.0 | 1342.5
       Dungeon | 100.0 | 100.0 |   N/A |   N/A | 100.0 | 1464.5
               +-------+-------+-------+-------+-------+----------------------
